 Dungeon Crawl Stone Soup version 0.23-a0-303-gfcac5de (webtiles) character file.

21377 MisterFreud the Grappler (level 12, -5/115 HPs)
             Began as a Troll Monk on Oct 8, 2018.
             Was a High Priest of Cheibriados.
             Slain by an iguana (9 damage)
             ... on level 12 of the Dungeon.
             The game lasted 00:32:16 (11345 turns).

MisterFreud the Grappler (Troll Monk)              Turns: 11345, Time: 00:32:18

Health: -5/115     AC:  6    Str: 36    XL:     12   Next: 53%
Magic:  17/17      EV: 20    Int: 21    God:    Cheibriados [*****.]
Gold:   706        SH: 16    Dex: 29    Spells: 11/11 levels left

rFire    . . .     SeeInvis .     - Unarmed
rCold    . . .     Gourm    +   c - +2 shield
rNeg     . . .     Faith    .   s - +0 robe (curse)
rPois    .         Spirit   .   (helmet restricted)
rElec    .         Reflect  .   p - +0 cloak
rCorr    .         Harm     .   (gloves unavailable)
MR       .....                  (boots unavailable)
Stlth    +++.......             (no amulet)
HPRegen  0.69/turn              k - +2 ring of evasion
MPRegen  0.15/turn              (no ring)

@: lethally poisoned (-5 -> -5), very slightly contaminated, very slow
A: large, unfitting armour, claws 3, fast metabolism 3, gourmand, regeneration
1, shaggy fur 1, tough skin 2
a: Bend Time, Temporal Distortion, Slouch, Step From Time, Renounce Religion


You were on level 12 of the Dungeon.
You worshipped Cheibriados.
Cheibriados was extremely pleased with you.
You were very full.

You visited 3 branches of the dungeon, and saw 16 of its levels.

You collected 706 gold pieces.

Inventory:

Missiles
 i - 378 stones
 j - 39 poisoned needles
 m - 3 throwing nets
 F - a large rock (quivered)
Armour
 c - a +2 shield (worn)
 p - a +0 cloak (worn)
 s - a cursed +0 robe (worn)
Jewellery
 k - a +2 ring of evasion (left claw)
Wands
 x - a wand of polymorph (17)
 y - a wand of acid (21)
 A - a wand of enslavement (8)
 C - a wand of paralysis (13)
 E - a wand of digging (12)
Scrolls
 f - 8 scrolls of remove curse
 h - 4 scrolls of teleportation
 o - 2 scrolls of magic mapping
 q - a scroll of immolation {unknown}
 u - 2 scrolls of random uselessness {unknown}
 z - 6 scrolls of identify
 D - a scroll of fog
 G - a scroll of brand weapon {unknown}
 H - 2 scrolls of enchant armour {unknown}
Potions
 e - 3 potions of might
 g - a potion of ambrosia
 l - 2 potions of agility
 r - 3 potions of flight
 t - 2 potions of mutation
 v - 3 potions of resistance
 B - a potion of cancellation
Comestibles
 b - 24 rations


   Skills:
 - Level 6.3 Fighting
 + Level 5.2 Throwing
 - Level 8.0 Dodging
 - Level 1.0 Stealth
 - Level 9.4 Shields
 - Level 10.0 Unarmed Combat
 - Level 8.0 Invocations


You had 11 spell levels left.
You didn't know any spells.
Your spell library contained the following spells:

 Spells                   Type           Power        Failure   Level  Hunger
 Animate Skeleton         Necr           N/A          19%         1    ##.....
 Pain                     Necr           #...         19%         1    ##.....
 Ignite Poison            Fire/Tmut/Pois #.......     47%         3    ####...
 Regeneration             Chrm/Necr      #.........   47%         3    ####...
 Vampiric Draining        Necr           #.........   47%         3    ####...
 Animate Dead             Necr           N/A          87%         4    #####..
 Bolt of Magma            Conj/Fire/Erth #.........   99%         5    ######.
 Fireball                 Conj/Fire      #.........   99%         5    ######.
 Iskenderun's Battlesphe  Conj/Chrm      #.......     99%         5    ######.
 Venom Bolt               Conj/Pois      #.........   99%         5    ######.
 Bolt of Fire             Conj/Fire      #.........   100%        6    #######
 Iron Shot                Conj/Erth      #.........   100%        6    #######
 Orb of Destruction       Conj           #.........   100%        7    #######
 Ring of Flames           Chrm/Fire      #.........   100%        7    #######
 Spellforged Servitor     Conj/Summ      #.........   100%        7    #######
 Ignition                 Fire           #.........   100%        8    #######


Dungeon Overview and Level Annotations

Branches:
Dungeon (12/15)            Temple (1/1) D:5            Lair (3/6) D:10
 Spider (0/4) Lair:2          Orc (0/2) D:10
  Swamp: Lair:2-4    Shoals: Lair:2-4

Altars:
Cheibriados
Elyvilon
Fedhas
Kikubaaqudgha
Makhleb
Nemelex Xobeh
Okawaru
Qazlal
Ru
Trog
Uskayaw
Vehumet
Wu Jian
Xom
Yredelemnul
Zin

Shops:
D:8 %

Annotations:
D:8 3 runed doors
D:9 2 transporters, Karim's ghost, novice DgFE
D:12 Frances


Innate Abilities, Weirdness & Mutations

You are too large for most types of armour.
You have claws for hands.
Your metabolism is lightning-fast.
You like to eat raw meat.
Your natural rate of healing is unusually fast.
You are covered in fur. (AC +1)
You have very tough skin. (AC +2)


Message History

You feel sick. You block the bullfrog's attack. The troll barely misses you.
The troll completely misses you. The troll claws you but does no damage.
The bullfrog misses you.
You feel sick. You block the bullfrog's attack. You block the troll's attack.
The troll misses you. You block the troll's attack. x3
The troll barely misses you.
The bullfrog hits you but does no damage.
You open the door.
You feel sick. The iguana misses you. The troll bites you!
* * * LOW HITPOINT WARNING * * *
You block the troll's attack. x2; You block the bullfrog's attack.
The troll completely misses you. The troll claws you!
* * * LOW HITPOINT WARNING * * *
The troll barely misses you.
You feel sick. You block the bullfrog's attack. The troll closely misses you.
The troll claws you.
* * * LOW HITPOINT WARNING * * *
The troll completely misses you.
The bullfrog hits you but does no damage.
The iguana bites you!
You die...

#. #####'######
#..........#
#..!.......#
#..........#
#..........# #
#..........# #.#
#.........T##...#
#........TF@..#
#.........l####
############


You could see 2 trolls, a bullfrog and an iguana.

Vanquished Creatures
  Harold (D:11)
  A catoblepas (Lair:2)
  2 two-headed ogres
  2 lindwurms (Lair:2)
  A wolf spider zombie (D:12)
  A deep elf mage (D:12)
  A manticore (D:11)
  A centaur zombie (D:10)
  A black mamba (Lair:2)
  4 spiny frogs
  A kobold demonologist (D:12)
  2 rime drakes
  A komodo dragon (Lair:2)
  A hornet (Lair:2)
  5 hippogriffs
  Prince Ribbit (D:6)
  A blink frog (Lair:2)
  A shadow (D:12)
  A redback (Lair:2)
  3 hungry ghosts
  A basilisk (Lair:1)
  2 wyverns
  12 yaks
  3 water moccasins
  3 porcupines
  2 orc warriors
  A sky beast (D:8)
  A phantom (D:11)
  2 ice beasts
  An eye of draining (D:11)
  8 ogres
  33 wolves
  7 centaurs
  12 crocodiles
  11 bullfrogs
  2 big kobolds
  A scorpion (D:9)
  18 killer bees
  A howler monkey (D:11)
  5 wights
  5 crimson imps
  A bullfrog zombie (D:8)
  A hound (D:4)
  2 jellies
  5 orc priests
  9 worker ants
  2 iguanas
  13 orc wizards
  A killer bee zombie (D:5)
  A hound zombie (D:9)
  A hound skeleton (D:11)
  4 gnolls (D:7)
  9 adders
  A howler monkey skeleton (D:5)
  2 river rats (D:4)
  A shadow imp (D:5)
  2 oozes
  An adder zombie (D:8)
  5 worms
  A dart slug (D:1)
  5 leopard geckos
  47 orcs
  2 ball pythons
  10 giant cockroaches
  8 hobgoblins
  2 jackals (D:11)
  26 kobolds
  3 quokkas
  12 bats
  2 frilled lizards (D:1)
  3 goblins
  9 rats
354 creatures vanquished.

Vanquished Creatures (others)
  35 plants
35 creatures vanquished.

Grand Total: 389 creatures vanquished

Notes
Turn   | Place    | Note
-------+----------+-------------------------------------------
     0 | D:1      | MisterFreud the Troll Monk began the quest for the Orb.
     0 | D:1      | Reached XP level 1. HP: 22/22 MP: 0/0
   200 | D:1      | Reached XP level 2. HP: 22/29 MP: 1/1
   320 | D:1      | Reached skill level 4 in Unarmed Combat
   726 | D:2      | Reached XP level 3. HP: 36/36 MP: 2/2
  1331 | D:2      | Reached XP level 4. HP: 42/44 MP: 3/3
  1736 | D:3      | Reached skill level 5 in Unarmed Combat
  2101 | D:3      | Reached XP level 5. HP: 26/50 MP: 4/4
  2427 | D:4      | Reached skill level 6 in Unarmed Combat
  2515 | D:4      | Noticed an ogre
  2533 | D:4      | Killed an ogre
  2533 | D:4      | Reached XP level 6. HP: 12/59 MP: 5/5
  2765 | D:4      | Reached skill level 7 in Unarmed Combat
  3107 | D:4      | Found a glowing drain.
  3242 | D:5      | Entered Level 5 of the Dungeon
  3413 | D:5      | Reached skill level 8 in Unarmed Combat
  3413 | D:5      | Reached XP level 7. HP: 34/66 MP: 6/6
  3679 | D:5      | Found a staircase to the Ecumenical Temple.
  3713 | Temple   | Entered the Ecumenical Temple
  3773 | Temple   | Became a worshipper of Cheibriados the Contemplative
  3773 | Temple   | Reached * piety under Cheibriados
  3773 | Temple   | Reached ** piety under Cheibriados
  4269 | D:6      | Reached skill level 9 in Unarmed Combat
  4580 | D:6      | Noticed Prince Ribbit
  4618 | D:6      | Killed Prince Ribbit
  4618 | D:6      | Reached XP level 8. HP: 55/74 MP: 7/7
  4641 | D:6      | Reached skill level 10 in Unarmed Combat
  4878 | D:6      | Reached skill level 1 in Shields
  5095 | D:7      | Reached *** piety under Cheibriados
  5170 | D:7      | Noticed a hippogriff
  5181 | D:7      | Killed a hippogriff
  5181 | D:7      | Reached skill level 5 in Shields
  5405 | D:8      | Reached XP level 9. HP: 80/80 MP: 8/8
  5755 | D:8      | Reached **** piety under Cheibriados
  5872 | D:8      | Found Reacvys's Food Boutique.
  5975 | D:8      | Found a runed gate.
  5975 | D:8      | Found a runed gate.
  5975 | D:8      | Found a runed gate.
  5975 | D:8      | Noticed a green very ugly thing
  5975 | D:8      | Noticed a cyan ugly thing
  5975 | D:8      | Noticed a white ugly thing
  5975 | D:8      | Noticed a cyan ugly thing
  5976 | D:8      | Noticed a cyan ugly thing
  5976 | D:8      | Noticed a cyan ugly thing
  5990 | D:8      | Found a blossoming altar of Fedhas.
  5991 | D:8      | Found a basalt altar of Yredelemnul.
  5992 | D:8      | Found a sparkling altar of Nemelex Xobeh.
  5995 | D:8      | Found a bloodstained altar of Trog.
  5996 | D:8      | Found an ancient bone altar of Kikubaaqudgha.
  6679 | D:9      | Noticed a two-headed ogre
  6687 | D:9      | Killed a two-headed ogre
  6687 | D:9      | Reached XP level 10. HP: 40/88 MP: 9/9
  7113 | D:9      | Found a transporter.
  7114 | D:9      | Noticed Karim's ghost (novice DgFE)
  7117 | D:9      | Noticed a two-headed ogre
  7119 | D:9      | Found a transporter.
  7120 | D:9      | Noticed a two-headed ogre
  7157 | D:10     | Entered Level 10 of the Dungeon
  7168 | D:10     | Reached skill level 1 in Invocations
  7295 | D:10     | Found a staircase to the Lair.
  7552 | D:10     | Reached skill level 5 in Invocations
  7572 | D:10     | Found a staircase to the Orcish Mines.
  7864 | Lair:1   | Entered Level 1 of the Lair of Beasts
  8039 | Lair:1   | Reached ***** piety under Cheibriados
  8229 | Lair:1   | Reached XP level 11. HP: 89/94 MP: 15/15
  8656 | Lair:1   | Reached skill level 5 in Dodging
  9263 | Lair:2   | Noticed a catoblepas
  9649 | Lair:2   | Found a hole to the Spider Nest.
  9816 | Lair:2   | Killed a catoblepas
  9978 | Lair:2   | Noticed a lindwurm
  9996 | Lair:2   | Killed a lindwurm
  9996 | Lair:2   | Reached XP level 12. HP: 66/109 MP: 17/17
 10008 | Lair:2   | Got a crude great mace
 10044 | Lair:2   | Reached ****** piety under Cheibriados
 10302 | Lair:3   | Noticed a seven-headed hydra
 10327 | Lair:3   | Noticed a five-headed hydra
 10411 | Lair:3   | Reached skill level 5 in Fighting
 10830 | D:11     | Found the +9 sword of Zonguldrok {reap}
 10869 | D:11     | Noticed Harold
 10877 | D:11     | Killed Harold
 10938 | D:11     | Reached skill level 1 in Throwing
 11021 | D:11     | Noticed a two-headed ogre
 11034 | D:11     | Killed a two-headed ogre
 11311 | D:12     | Reached skill level 5 in Throwing
 11320 | D:12     | Noticed Frances
 11345 | D:12     | HP: 4/115 [troll (5)]
 11345 | D:12     | Slain by an iguana

Vault maps used:
D:1:      dpeg_arrival_arbitrary_a, serial_park_tiny_1, minmay_hedge_maze,
          st_stairs_9
D:3:      minmay_ruptured
D:4:      first_ration, portal_sewer_entry_b
D:5:      minmay_temple_entry_large_hall
D:6:      uniq_prince_ribbit1
D:8:      minitemple, ploomutoo_gammafunk_ghost_potion_laboratory, serial_shops,
          shop
D:9:      gammafunk_ghost_smash
D:10:     lair_entry_dummy, orc_0_dummy
D:11:     uniq_harold
D:12:     the_bakery, uniq_frances, uniq_psyche
Temple:   minmay_crystal_spiral_temple
Lair:1:   grunt_forest_large_clearings, infiniplex_staircase_pool_2,
          lemuel_fruit_fields
Lair:2:   cheibrodos_lair_overgrown_chateau, spider_nest_entry_webs,
          lab_entry_generic, guppyfry_lair_drakes
Lair:3:   minmay_swamp_entry_worms

Skill      XL: |  1  2  3  4  5  6  7  8  9 10 11 12 |
---------------+-------------------------------------+-----
Unarmed Combat | 4 5 6 8 9 10 | 10.0
Shields        | 5 9 |  9.4
Invocations    | 7 8 |  8.0
Dodging        | 8 |  8.0
Fighting       | 4 6 |  6.3
Throwing       | 5 |  5.2
Stealth        | |  1.0

Action                   |  1- 3 |  4- 6 |  7- 9 | 10-12 || total
-------------------------+-------+-------+-------+-------++-------
Melee: Unarmed           |    76 |   186 |   264 |   540 ||  1066
       Punch             |     1 |     1 |       |       ||     2
Throw: Stone             |       |       |     9 |     2 ||    11
       Large rock        |       |       |       |     3 ||     3
Invok: Slouch            |       |       |     1 |     3 ||     4
  Use: Scroll            |     4 |     3 |     4 |    11 ||    22
       Potion            |       |       |       |     8 ||     8
 Stab: Sleeping          |     5 |     2 |     4 |     2 ||    13
       Distracted        |       |       |     1 |     1 ||     2
  Eat: Chunk             |    16 |    19 |    30 |    39 ||   104
Armor: Robe              |    33 |    54 |    45 |    78 ||   210
Dodge: Dodged            |    39 |   107 |    79 |   298 ||   523
Block: Shield            |       |       |   132 |   480 ||   612

Table legend:
 A = Non-vault XP
 B = Vault XP
 C = Vault XP percentage of total XP
 D = Non-vault monster count
 E = Vault monster count
 F = Vault count percentage of total count
                 A         B        C        D         E       F
            +---------+---------+-------+---------+---------+-------
      Total |   20858 |    9681 |  31.7 |     289 |      65 |  18.4
            +---------+---------+-------+---------+---------+-------
        D:1 |      34 |       6 |  15.0 |      20 |       2 |   9.1
        D:2 |      57 |       0 |   0.0 |      16 |       0 |   0.0
        D:3 |      82 |      42 |  33.9 |      30 |       3 |   9.1
        D:4 |     310 |      33 |   9.6 |      16 |       7 |  30.4
        D:5 |     454 |       0 |   0.0 |      16 |       0 |   0.0
        D:6 |     366 |     259 |  41.4 |      12 |       1 |   7.7
        D:7 |    1150 |       0 |   0.0 |      29 |       0 |   0.0
        D:8 |    1217 |       0 |   0.0 |      25 |       0 |   0.0
        D:9 |    2143 |       0 |   0.0 |      29 |       0 |   0.0
       D:10 |    2294 |    1396 |  37.8 |      13 |      12 |  48.0
       D:11 |    3848 |     981 |  20.3 |      38 |       1 |   2.6
       D:12 |    2393 |       0 |   0.0 |      16 |       0 |   0.0
     Lair:1 |    3787 |    2462 |  39.4 |      18 |      21 |  53.8
     Lair:2 |    2195 |    4502 |  67.2 |       8 |      18 |  69.2
     Lair:3 |     528 |       0 |   0.0 |       3 |       0 |   0.0
            +---------+---------+-------+---------+---------+-------
